 Dungeon Crawl Stone Soup version 0.30-a0-341-g682706514a (webtiles) character file.

Game seed: 10789558958414778750

85 KKCryptic the Chopper (level 4, -3/37 HPs)
             Began as a Minotaur Gladiator on Nov 5, 2022.
             Slain by koil's ghost (9 damage)
             ... on level 3 of the Dungeon.
             The game lasted 00:09:13 (1485 turns).

KKCryptic the Chopper (Minotaur Gladiator)          Turns: 1485, Time: 00:09:13

Health: -3/37      AC:  5    Str: 18    XL:     4   Next: 25%
Magic:  3/3        EV: 12    Int:  5    God:
Gold:   145        SH:  0    Dex: 16    Spells: 3/3 levels left

rFire   . . .      SeeInvis +    s - +9 hand axe of Noon {freeze, rElec rCorr Str-3 SInv}
rCold   . . .      Faith    .    (no shield)
rNeg    + . .      Spirit   .    m - +0 ring mail
rPois   .          Reflect  .    c - +0 hat
rElec   +          Harm     .    (no cloak)
rCorr   +          Rampage  .    (no gloves)
Will    .....                    (no boots)
Stlth   +.........               (no amulet)
HPRegen 0.26/turn                p - ring of Hitaot {Fly rElec Dex+5}
MPRegen 0.08/turn                b - ring of positive energy

@: flying
A: horns 2, retaliatory headbutt
a: no special abilities


You were on level 3 of the Dungeon.
You visited 1 branch of the dungeon, and saw 3 of its levels.

You collected 145 gold pieces.

Inventory:

Hand Weapons
 a - a +0 war axe
 s - the +9 hand axe of Noon (weapon) {freeze, rElec rCorr Str-3 SInv}
   (You found it on level 3 of the Dungeon)

   It freezes those it strikes, dealing additional cold damage.
   It can also slow down cold-blooded creatures.
   Str:       It affects your strength (-3).
   rElec:     It insulates you from electricity.
   SInv:      It lets you see invisible.
   rCorr:     It protects you from acid and corrosion.
Missiles
 d - 3 throwing nets (quivered)
 e - a javelin
Armour
 c - a +0 hat (worn)
 m - a +0 ring mail (worn)
Jewellery
 b - a ring of positive energy (right hand)
 g - a +4 ring of evasion
 k - a ring of see invisible
 p - the ring of Hitaot (left hand) {Fly rElec Dex+5}
   (You found it on level 3 of the Dungeon)

   [ring of flight]

   Dex:       It affects your dexterity (+5).
   rElec:     It insulates you from electricity.
   Fly:       It grants you flight.
Scrolls
 f - 2 scrolls of magic mapping {unknown}
 j - a scroll of vulnerability
 l - a scroll of poison {unknown}
 n - a scroll of amnesia {unknown}
 q - a scroll of noise {unknown}
 r - a scroll of enchant weapon {unknown}
Potions
 h - a potion of curing {unknown}
 i - a potion of magic {unknown}
 o - a potion of degeneration {unknown}


   Skills:
 - Level 2.4 Fighting
 + Level 6.2 Axes
 - Level 2.0 Throwing
 - Level 3.2 Dodging


You had 3 spell levels left.
You didn't know any spells.
Your spell library contained the following spells:

 Spells                   Type           Power      Damage    Failure   Level
 Gell's Gravitas          Tloc           0%         N/A       96%         3
 Lesser Beckoning         Tloc           0%         N/A       96%         3
 Teleport Other           Tloc           0%         N/A       96%         3


Dungeon Overview and Level Annotations

Branches:
Dungeon (3/15)

Altars:

Shops:
D:1 ?   D:2 =

Annotations:
D:3 koil's ghost, amateur OgCA


Innate Abilities, Weirdness & Mutations

You have a pair of horns on your head.
You reflexively headbutt those who attack you in melee.


Message History

Unknown command.
You feel weaker.
The +9 hand axe of Noon {freeze, rElec rCorr Str-3 SInv} glows with a cold blue light!
s - the +9 hand axe of Noon (weapon)
{freeze, rElec rCorr Str-3 SInv} You are flying.
Your flying speed is average.
Your attack delay is about 0.9.
Your damage rating with the +9 hand axe of Noon {freeze, rElec rCorr Str-3 SInv} is about 18 (Base 7 x 120% (Str) x 116% (Skill) + 9 (Ench)) + Freeze.
Your base attributes are Str 21, Int 5, Dex 11.
Unknown command.
Found a stone staircase leading up.
You reach down and open the door.
You closely miss koil's ghost. You headbutt koil's ghost.
Koil's ghost is lightly damaged.
Koil's ghost barely misses you.
You closely miss koil's ghost.
Koil's ghost is lightly damaged.
Koil's ghost closely misses you.
You closely miss koil's ghost.
Koil's ghost is lightly damaged.
Koil's ghost hits you. Koil's ghost burns you.
You slash koil's ghost! You freeze koil's ghost.
Koil's ghost is moderately damaged.
Koil's ghost hits you. Koil's ghost burns you.
You hit koil's ghost. You freeze koil's ghost.
Koil's ghost is heavily damaged.
Koil's ghost hits you. Koil's ghost burns you.
You hit koil's ghost. You freeze koil's ghost.
Koil's ghost is heavily damaged.
Koil's ghost grins evilly.
Koil's ghost hits you! Koil's ghost burns you.
You hit koil's ghost. You freeze koil's ghost.
You headbutt koil's ghost, but do no damage.
Koil's ghost is severely damaged.
Koil's ghost hits you.
* * * LOW HITPOINT WARNING * * *
Koil's ghost burns you.
* * * LOW HITPOINT WARNING * * *
Okay, then.
There is a stone staircase leading up here.
Koil's ghost hits you!
You die...

### #.# #.# #####.##
#......# ###
###......# #.#
#........# #@#
#........######W#
#............##.#
#.....#.........###
#...#.....#.##..#.♣
###...#.#.#.....'[8#
#...#.#.#.....#.♣#
#...#.#.#.....###
##...#.#.#.....# ..


You could see koil's ghost.

Vanquished Creatures
  An adder (D:3)
  A worm (D:2)
  3 dart slugs
  4 bats
  3 endoplasms
  3 giant cockroaches (D:1)
  9 goblins
  4 hobgoblins
  9 jackals
  3 quokkas
  5 ball pythons
  2 frilled lizards (D:1)
  7 kobolds
  5 rats
  3 bushes (D:1)
62 creatures vanquished.

Vanquished Creatures (others)
  10 plants
10 creatures vanquished.

Grand Total: 72 creatures vanquished

Notes
Turn   | Place    | Note
-------+----------+-------------------------------------------
     0 | D:1      | KKCryptic the Minotaur Gladiator began the quest for the
                  | Orb.
     0 | D:1      | Reached XP level 1. HP: 18/18 MP: 0/0
    64 | D:1      | Reached skill level 4 in Axes
    78 | D:1      | Found Risiget's Magic Scroll Shop.
    84 | D:1      | Reached XP level 2. HP: 20/25 MP: 1/1
   298 | D:1      | Reached skill level 5 in Axes
   404 | D:1      | Reached XP level 3. HP: 30/30 MP: 2/2
   992 | D:2      | Found Kareyt's Jewellery Shoppe.
  1272 | D:3      | Reached XP level 4. HP: 37/37 MP: 3/3
  1278 | D:3      | Reached skill level 6 in Axes
  1365 | D:3      | Identified the ring of Hitaot {Fly rElec Dex+5}
  1424 | D:3      | Identified the +9 hand axe of Noon {freeze, rElec rCorr
                  | Str-3 SInv}
  1427 | D:3      | Found a runed translucent door.
  1427 | D:3      | Noticed koil's ghost (amateur OgCA)
  1485 | D:3      | Slain by koil's ghost

Illustrated notes

Levels and vault maps discovered:
D:1:      tarquinn_simple_flora_water_b, layout_rooms, serial_shops,
          shop_fountains, serial_forest, infiniplex_forest_3_way,
          infiniplex_forest_lined_corner, infiniplex_forest_clump_medium,
          infiniplex_forest_clump_diagonal, infiniplex_forest_straight_4
D:2:      layout_rooms, serial_shops, nicolae_shop_window_shopping,
          minmay_bisected
D:3:      wander_river, layout_basic, gammafunk_ghost_grave,
          serial_bayou_pond_a, corner_web_ring, minmay_unequal

Skill      XL: |  1  2  3  4 |
---------------+-------------+-----
Axes           | 4 5 6 |  6.2
Fighting       | |  2.4
Throwing       | |  2.0
Dodging        | |  3.2

Action                   |  1- 3 |  4- 6 || total
-------------------------+-------+-------++-------
Melee: War axe           |   149 |    16 ||   165
       Punch             |     1 |       ||     1
       Headbutt          |    40 |     4 ||    44
       Hand axe          |       |     7 ||     7
  Use: Scroll            |     1 |       ||     1
Armor: Leather armour    |     2 |       ||     2
       Ring mail         |     4 |     6 ||    10
Dodge: Dodged            |    67 |    21 ||    88

Table legend: (Time is in decaauts)
 A = Elapsed time spent in this place.
 B = Non-inter-level travel time spent in this place.
 C = Inter-level travel time spent in this place.
 D = Time resting spent in this place.
 E = Time spent auto-exploring this place.
 F = Levels seen in this place.
 G = Mean time per level.
                   A        B        C        D        E       F      G
               +--------+--------+--------+--------+--------+-----+--------+
         Total |   1521 |   1480 |     41 |      0 |   1035 |   3 |  507.0 |
       Dungeon |   1521 |   1480 |     41 |      0 |   1035 |   3 |  507.0 |
               +--------+--------+--------+--------+--------+-----+--------+

Top non-repeatable levels by time:
     D:1: 783 daAuts
     D:2: 436 daAuts
     D:3: 301 daAuts
